AoeStats
← 小小鸡

Black Forest

507358537Analyzed
4v4 RM · 15d ago on Sep 17, 2026· 54m 29s· 8 players
Game mode
Random Map
Map size
Large (8 player)
Population
200
Speed
Normal
Resources
Standard
Victory
Conquest
Starting age
Dark Age
Ending age
Imperial Age
RankedLock teamsTeams togetherTeam positionsShared explorationLock speedFull tech treeHidden civsTurbo modeCheats
Victory
Defeat
🇺🇦 Lithuanians · Ukraine
1539
+10
🇿🇦 Ethiopians · South Africa
1358
+17
🇭🇰 Khmer · Hong Kong SAR China
1319
+18
🇬🇧 Bohemians · United Kingdom
1298
+19
🇫🇷 Saracens · France
1407
-17
🇵🇪 Berbers · Peru
1395
-17
🇺🇸 Koreans · United States
1384
-16
🇨🇿 Japanese · Czechia
1324
-14
Enter a Name
1:15 Loom
15:19 Feudal Age
17:48 Double-Bit Axe
22:00 Castle Age
22:04 Stone Mining
23:10 Wheelbarrow
23:46 Bow Saw
24:23 Fletching
26:05 Bodkin Arrow
26:59 Horse Collar
32:18 Gold Mining
33:18 Scale Mail Armor
36:09 Chain Mail Armor
37:10 Fortified Wall
43:01 Imperial Age
41:58 Hand Cart
41:31 Town Watch
42:47 Masonry
42:18 Treadmill Crane
42:59 Ballistics
42:38 Pikeman
44:47 Chemistry
43:20 Elite Skirmisher
45:02 Thumb Ring
53:40 Bracer
53:27 Halberdier
JOK3R_LSR
2:28 Loom
12:14 Feudal Age
15:54 Castle Age
14:29 Double-Bit Axe
23:02 Wheelbarrow
22:20 Stone Mining
22:37 Fishing Lines
24:02 Hand Cart
27:21 Gold Mining
29:20 Horse Collar
33:28 Imperial Age
32:28 Gold Shaft Mining
32:01 Scale Barding Armor
32:06 Forging
33:33 Chain Barding Armor
34:24 Iron Casting
33:34 Elite Mameluke
34:21 Town Watch
35:24 Plate Barding Armor
35:11 Conscription
35:51 Ballistics
36:31 Chemistry
35:44 Masonry
35:45 Siege Engineers
36:02 Onager
37:45 Blast Furnace
37:57 Town Patrol
37:40 Siege Onager
38:58 Caravan
39:08 Fletching
39:43 Masonry
43:08 Chemistry
44:19 Bloodlines
44:09 Husbandry
45:35 Bodkin Arrow
45:42 Padded Archer Armor
49:27 Elite Skirmisher
H-u-n-t-e-R
4:37 Loom
12:41 Feudal Age
16:21 Castle Age
15:07 Double-Bit Axe
18:10 Wheelbarrow
18:45 Town Watch
22:41 Fletching
22:53 Yasama
24:00 Horse Collar
26:54 Bodkin Arrow
27:41 Ballistics
27:57 Fortified Wall
28:08 Heavy Plow
28:49 Masonry
28:52 Guard Tower
29:41 Murder Holes
33:33 Imperial Age
31:24 Pikeman
32:05 Squires
33:02 Bow Saw
33:33 Scale Mail Armor
34:20 Arrowslits
37:01 Hand Cart
38:06 Keep
38:06 Chain Mail Armor
37:16 Halberdier
38:08 Forging
38:47 Treadmill Crane
39:14 Siege Engineers
39:13 Bracer
42:39 Chemistry
46:08 Two-Man Saw
46:04 Conscription
47:05 Plate Mail Armor
46:55 Arson
49:12 Kataparuto
DragonMoche
0:48 Loom
10:31 Feudal Age
11:05 Double-Bit Axe
11:04 Horse Collar
11:15 Town Watch
16:56 Wheelbarrow
23:19 Castle Age
21:30 Gold Mining
24:24 Bow Saw
24:15 Heavy Plow
24:30 Bloodlines
25:36 Scale Barding Armor
27:25 Forging
31:41 Chain Barding Armor
34:36 Hand Cart
39:32 Imperial Age
36:58 Fletching
38:08 Ballistics
37:45 Bodkin Arrow
39:00 Husbandry
39:05 Padded Archer Armor
39:35 Thumb Ring
40:21 Bracer
41:23 Chemistry
39:46 Cavalier
39:55 Cavalier
40:33 Elite Genitour
41:37 Leather Archer Armor
42:57 Light Cavalry
43:21 Light Cavalry
44:58 Plate Barding Armor
44:11 Light Cavalry
45:20 Conscription
45:05 Hussar
47:55 Ring Archer Armor
abli30
3:26 Loom
11:42 Feudal Age
15:33 Castle Age
13:56 Double-Bit Axe
13:55 Horse Collar
16:41 Wheelbarrow
16:28 Bow Saw
19:47 Heavy Plow
22:22 Fervor
23:27 Hand Cart
28:57 Imperial Age
26:34 Pikeman
29:54 Chemistry
29:11 Squires
29:12 Scale Mail Armor
29:44 Halberdier
30:13 Treadmill Crane
32:01 Chain Mail Armor
33:12 Coinage
33:34 Plate Mail Armor
33:14 Forging
34:35 Banking
34:45 Siege Engineers
35:41 Guilds
39:29 Iron Casting
39:48 Houfnice
41:39 Blast Furnace
52:01 Conscription
51:53 Fletching
_stranikk_
0:27 Loom
17:51 Feudal Age
22:40 Castle Age
21:26 Horse Collar
21:34 Double-Bit Axe
25:17 Town Watch
30:15 Imperial Age
29:04 Gold Mining
30:29 Fortified Wall
32:06 Chemistry
32:40 Wheelbarrow
35:36 Bow Saw
38:30 Hand Cart
39:52 Padded Archer Armor
41:13 Leather Archer Armor
42:18 Two-Man Saw
41:28 Caravan
43:48 Stone Mining
47:50 Ring Archer Armor
52:46 Town Patrol
小小鸡
1:05 Loom
11:23 Feudal Age
15:41 Castle Age
13:35 Double-Bit Axe
14:11 Fishing Lines
20:28 Scale Barding Armor
21:58 Horse Collar
24:18 Chain Barding Armor
24:08 Forging
25:16 Wheelbarrow
25:20 Bloodlines
26:38 Bow Saw
26:21 Gillnets
27:24 Heavy Plow
28:08 Stone Mining
32:08 Imperial Age
29:58 Husbandry
31:48 Gold Mining
32:33 Stone Shaft Mining
32:11 Tusk Swords
32:33 Hand Cart
33:12 Conscription
32:54 Town Watch
33:17 Double Crossbow
34:15 Heavy Scorpion
36:59 Chemistry
36:45 Gold Shaft Mining
36:16 Elite Ballista Elephant
37:29 Siege Engineers
40:18 Ballistics
41:23 Plate Barding Armor
41:23 Iron Casting
49:16 Cavalier
51:09 Blast Furnace
52:11 Caravan
probatman
0:33 Loom
14:24 Feudal Age
15:15 Double-Bit Axe
18:01 Castle Age
17:43 Fletching
18:29 Horse Collar
18:13 Crossbowman
18:58 Bodkin Arrow
21:12 Padded Archer Armor
23:31 Leather Archer Armor
25:19 Thumb Ring
39:07 Imperial Age
37:16 Bow Saw
37:51 Ballistics
38:15 Wheelbarrow
37:25 Town Watch
40:52 Chemistry
39:46 Arbalester
41:24 Bracer
43:09 Ring Archer Armor
43:43 Chemistry
Connection lost

Rejoining the realm…

Still unreachable

The connection could not be restored.

Session expired

The server has moved on; the page needs a fresh start.